Map: Ruins of Seras

Players

FireCake - Winner!

  • Race: Zerg Zerg
  • League: Master

Serral

  • Race: Zerg Zerg
  • League: Grandmaster

Event: 2016 WCS Winter Circuit Championship

VOD

https://www.youtube.com/watch?v=MqFcnOYXnZ4

Description

Time

  • Played on: March 2, 2016, 7:48 a.m.
  • Length: 16:46

All games in this series

Show
View Real Time Build Order
Export as new Build Order

FireCake Zerg - Winner!

Build Orders: Hatch First, Muta Ling Bane 

Get SALT Encoding   

  12  0:00  Drone  
  13  0:08  Drone  
  14  0:17  Overlord  
  14  0:22  Extractor  
  14  0:23  Drone  
  15  0:35  Drone x2  
  17  0:52  Hatchery  
  17  0:56  Drone  
  17  0:59  Drone  
  18  1:09  Extractor  
  17  1:14  Spawning Pool  
  17  1:17  Drone  
  17  1:20  Drone  
  18  1:28  Drone  
  19  1:38  Overlord  
  19  1:48  Drone  
  20  2:00  Drone  
  21  2:01  Queen  
  21  2:04  Drone  
  21  2:05  Queen  
  26  2:08  Metabolic Boost  
  26  2:13  Drone  
  27  2:18  Drone  
  27  2:20  Drone  
  29  2:28  Zergling x2  
  30  2:31  Zergling x2  
  30  2:36  Baneling Nest  
  30  2:39  Overlord  
  30  2:44  Drone  
  32  2:51  Drone  
  32  3:04  Zergling x2  
  32  3:05  Zergling x2  
  32  3:09  Drone x5  
  32  3:12  Drone x2  
  39  3:13  Drone  
  39  3:19  Drone  
  41  3:20  Baneling  
  41  3:21  Lair  
  41  3:33  Hatchery  
  40  3:36  Overlord  
  40  3:42  Drone x3  
  40  3:44  Extractor  
  40  3:45  Drone, Extractor  
  40  3:46  Extractor  
  40  3:48  Drone x2  
  43  3:51  Overlord  
  43  3:58  Drone  
  43  3:59  Drone x3  
  47  4:06  Overlord  
  47  4:13  Queen  
  47  4:15  Zergling x2  
  47  4:16  Zergling x4  
  52  4:20  Zergling x2  
  52  4:21  Spire  
  52  4:26  Zergling x4  
  52  4:28  Baneling x3  
  54  4:35  Zergling x2  
  54  4:36  Zergling x6  
  58  4:44  Baneling  
  55  4:50  Zergling x2  
  55  4:51  Zergling x12  
  57  5:01  Zergling x2  
  57  5:02  Zergling x10  
  55  5:28  Baneling x2  
  53  5:34  Mutalisk x6  
  62  5:43  Mutalisk  
  62  5:45  Mutalisk  
  62  5:48  Zergling x6  
  62  5:49  Zergling x4  
  71  5:55  Drone  
  67  6:03  Drone  
  67  6:04  Drone  
  60  6:10  Mutalisk x2  
  62  6:16  Drone x4  
  64  6:23  Baneling  
  64  6:24  Baneling  
  64  6:26  Drone  
  64  6:27  Drone x2  
  64  6:29  Zerg Flyer Weapons Level 1  
  67  6:37  Drone x3  
  70  6:45  Queen  
  70  6:46  Queen  
  67  6:50  Mutalisk x2  
  67  6:52  Zergling x6  
  73  6:59  Overlord  
  73  7:00  Overlord  
  73  7:17  Drone x8  
  73  7:18  Queen  
  83  7:28  Drone x3  
  86  7:42  Drone x4  
  89  7:47  Centrifical Hooks  
  89  7:50  Evolution Chamber, Drone  
  89  7:51  Drone  
  90  7:55  Hatchery  
  89  8:01  Drone  
  89  8:03  Overlord  
  89  8:04  Extractor, Overlord x2  
  89  8:05  Extractor  
  88  8:18  Zerg Melee Weapons Level 1  
  88  8:20  Drone x2  
  88  8:24  Drone x2  
  88  8:25  Drone x4, Zerg Flyer Weapons Level 2  
  96  8:32  Drone x3  
  99  8:34  Zergling x10  
  99  8:35  Zergling x4  
  106  8:57  Mutalisk  
  106  8:58  Mutalisk x3  
  106  9:01  Overlord x5  
  112  9:18  Drone x2  
  112  9:27  Spine Crawler x2, Drone x4  
  112  9:28  Drone x5  
  112  9:31  Extractor x2  
  117  9:34  Overlord x2  
  116  9:44  Mutalisk x6  
  128  9:47  Drone x3  
  128  9:52  Spore Crawler  
  124  10:00  Drone x8  
  122  10:11  Spine Crawler  
  121  10:14  Spine Crawler, Zerg Melee Weapons Level 2  
  121  10:16  Zergling x2  
  121  10:17  Zergling x10  
  125  10:26  Drone x4  
  128  10:40  Mutalisk  
  128  10:41  Mutalisk x7  
  144  10:43  Pneumatized Carapace  
  144  10:44  Overseer  
  138  11:02  Zergling x16  
  141  11:06  Mutalisk x3  
  145  11:30  Mutalisk x8  
  161  11:38  Mutalisk x3  
  167  11:51  Spine Crawler  
  166  11:57  Mutalisk  
  161  12:01  Overlord  
  161  12:02  Overlord x2  
  161  12:03  Spine Crawler  
  161  12:05  Baneling  
  160  12:11  Mutalisk x3  
  160  12:15  Zerg Flyer Armor Level 1  
  166  12:17  Overlord x4  
  166  12:27  Spine Crawler  
  165  12:32  Mutalisk x4  
  169  12:42  Mutalisk x4  
  177  12:48  Zergling x8  
  177  12:58  Mutalisk x4  
  163  13:02  Mutalisk  
  169  13:08  Mutalisk  
  169  13:09  Mutalisk  
  167  13:31  Mutalisk  
  167  13:32  Mutalisk x6  
  167  13:37  Mutalisk  
  167  13:38  Mutalisk  
  161  13:46  Mutalisk x2  
  163  13:53  Zergling x10  
  168  13:58  Mutalisk x2  
  166  14:35  Drone x4  
  167  14:40  Drone  
  167  14:41  Drone x5  
  167  14:45  Mutalisk x4  
  173  14:49  Baneling x2  
  173  14:50  Mutalisk  
  173  14:51  Mutalisk x4  
  181  15:02  Mutalisk  
  181  15:04  Mutalisk  
  167  15:07  Zergling x6  
Show
View Real Time Build Order
Export as new Build Order

Serral Zerg 

Build Orders: Hatch First 

Get SALT Encoding   

  12  0:01  Drone  
  13  0:12  Overlord  
  13  0:18  Drone  
  14  0:31  Drone x2  
  14  0:35  Drone  
  17  0:53  Hatchery  
  17  0:57  Drone  
  17  0:59  Drone  
  17  1:01  Extractor  
  17  1:15  Spawning Pool  
  16  1:19  Drone  
  16  1:23  Drone  
  18  1:28  Drone  
  19  1:39  Overlord  
  19  2:02  Metabolic Boost, Queen, Zergling x4  
  19  2:08  Queen  
  23  2:12  Drone  
  23  2:15  Drone  
  27  2:22  Baneling Nest  
  26  2:27  Drone  
  26  2:29  Drone  
  28  2:32  Zergling x2  
  28  2:35  Drone  
  30  2:38  Drone  
  32  2:44  Drone  
  32  2:50  Evolution Chamber  
  31  2:52  Overlord  
  31  2:54  Drone  
  32  3:02  Drone  
  32  3:05  Drone  
  32  3:09  Drone x2  
  32  3:10  Drone  
  36  3:13  Drone  
  36  3:18  Zerg Ground Armor Level 1  
  37  3:23  Overlord  
  37  3:26  Drone  
  38  3:33  Zergling x6  
  40  3:37  Baneling x2  
  40  3:46  Hatchery  
  39  3:51  Zergling x4  
  39  3:54  Zergling x4  
  43  4:03  Overlord  
  43  4:06  Zergling x6  
  46  4:13  Overlord  
  46  4:14  Zergling x2  
  46  4:15  Zergling x4  
  49  4:21  Zergling x8  
  53  4:25  Zergling x4  
  53  4:29  Baneling x2  
  55  4:32  Baneling x2  
  55  4:34  Zergling x4  
  57  4:41  Zergling x2  
  56  4:50  Zergling x6  
  56  4:51  Zergling x2  
  54  5:01  Zergling x2  
  54  5:02  Zergling x8  
  54  5:05  Baneling x2  
  54  5:06  Queen  
  52  5:08  Zergling x2  
  52  5:12  Zergling x2  
  52  5:13  Baneling  
  53  5:16  Zergling x2  
  52  5:21  Zergling x4  
  52  5:25  Queen x2  
  52  5:26  Zergling x4  
  57  5:32  Baneling  
  57  5:33  Zergling x6  
  59  5:39  Zergling x8  
  63  5:46  Zergling x2  
  63  5:47  Zergling x4  
  63  5:57  Zerg Melee Weapons Level 1  
  63  6:00  Zergling x12  
  65  6:06  Queen  
  61  6:17  Queen x2  
  65  6:21  Spore Crawler  
  64  6:26  Spore Crawler  
  64  6:31  Drone x3  
  64  6:32  Drone  
  67  6:35  Drone x2  
  67  6:39  Drone  
  71  6:40  Drone  
  71  6:45  Drone x2  
  71  6:46  Drone  
  68  6:52  Drone x3  
  69  6:54  Extractor  
  69  6:55  Extractor  
  69  7:00  Drone x3  
  70  7:04  Overlord  
  68  7:16  Drone x3  
  68  7:19  Lair  
  68  7:21  Drone x2  
  68  7:22  Spore Crawler  
  72  7:23  Extractor  
  72  7:24  Extractor  
  72  7:26  Extractor  
  69  7:33  Spore Crawler, Drone x6  
  69  7:36  Spore Crawler  
  72  7:39  Overlord  
  72  7:42  Drone x3  
  69  7:44  Drone  
  69  7:45  Drone  
  69  7:47  Drone  
  72  7:55  Zergling x4  
  72  7:56  Zergling x4  
  75  8:02  Spore Crawler  
  75  8:05  Drone x3  
  77  8:07  Zergling x4  
  79  8:16  Zergling x6  
  79  8:17  Zergling x2  
  79  8:19  Spire  
  82  8:25  Overlord  
  83  8:27  Drone x3  
  83  8:30  Spore Crawler  
  85  8:41  Drone x2  
  85  8:42  Overlord x4  
  85  8:43  Overlord  
  82  8:58  Zergling x14  
  89  9:08  Overlord  
  89  9:10  Overlord  
  83  9:32  Mutalisk  
  83  9:33  Mutalisk x9, Zerg Flyer Armor Level 1  
  103  9:40  Mutalisk x2  
  103  9:41  Mutalisk  
  109  9:50  Zergling x2  
  109  9:51  Zergling x14  
  117  9:56  Mutalisk x2  
  121  10:02  Mutalisk x2  
  121  10:11  Zergling x10  
  123  10:17  Mutalisk x4  
  131  10:26  Overlord  
  131  10:31  Mutalisk x4  
  138  10:40  Mutalisk x2  
  138  10:41  Mutalisk  
  143  10:48  Zergling x2  
  143  10:49  Zergling x10  
  147  10:58  Mutalisk x3  
  147  11:02  Overlord x2  
  147  11:04  Zergling x6  
  147  11:23  Mutalisk x2  
  147  11:24  Hatchery, Mutalisk x2  
  153  11:37  Overlord x2  
  153  11:38  Overlord x2  
  153  11:39  Overlord  
  148  11:41  Zerg Flyer Armor Level 2  
  148  11:47  Baneling  
  146  11:53  Overlord x3  
  144  12:01  Spore Crawler, Mutalisk x2  
  141  12:02  Mutalisk  
  141  12:04  Zergling x2  
  148  12:10  Baneling x2  
  148  12:11  Baneling  
  148  12:14  Mutalisk x2  
  152  12:16  Zergling x2  
  153  12:25  Mutalisk  
  151  12:40  Mutalisk x3  
  151  12:46  Extractor  
  151  12:48  Extractor  
  145  12:52  Overlord  
  145  12:53  Mutalisk x2  
  136  12:58  Zergling x8  
  136  12:59  Zergling x4  
  138  13:06  Baneling x2  
  138  13:08  Extractor  
  138  13:09  Drone x3  
  140  13:12  Mutalisk  
  140  13:13  Mutalisk  
  140  13:18  Zergling x2  
  140  13:19  Extractor, Zergling x16  
  129  13:36  Mutalisk x3  
  129  13:37  Mutalisk  
  125  13:54  Drone x3  
  125  13:55  Drone x2  
  128  14:03  Zerg Flyer Weapons Level 1  
  128  14:05  Mutalisk x3  
  132  14:13  Mutalisk x2  
  132  14:24  Mutalisk x2  
  132  14:26  Zergling x10  
  132  14:27  Zergling x4  
  136  14:44  Mutalisk x3  
  141  14:45  Overseer  
  141  14:49  Hatchery  
  140  14:57  Mutalisk  
  136  15:03  Mutalisk  
  136  15:04  Zergling x4  
  136  15:05  Zergling x2  
Tags
 
Add a new tag
Caveats
  • Supply blocks, unpowered buildings, or Contaminate may cause inaccurate times.
  • Supply counts are checked every 10 seconds.